 Dungeon Crawl Stone Soup version 0.31-a0-210-gccc998df9b (console) character file.

Game seed: 4066291521185209813

15962 jejorda2 the Severer (level 12, -12/142 (150) HPs)
             Began as a Pale Draconian Berserker on June 29, 2023.
             Was a Priest of Trog.
             Mangled by a hell knight
             ... wielding a +0 broad axe
              (18 damage)
             ... on level 12 of the Dungeon.
             The game lasted 00:31:09 (11099 turns).

jejorda2 the Severer (Pale Draconian Berserker)    Turns: 11099, Time: 00:31:10

HP:   -12/142 (150) AC: 17    Str: 34    XL:     12   Next: 5%
MP:   12/12         EV: 14    Int: 10    God:    Trog [***...]
Gold: 296           SH:  5    Dex: 14    Spells: 11/11 levels left

rFire   . . .        a - +1 battleaxe (freeze)
rCold   . . .        (shield currently unavailable)
rNeg    . . .        (body armour unavailable)
rPois   .            (helmet restricted)
rElec   .            o - +0 cloak
rCorr   .            i - +4 pair of gloves "Utweorao" {Str+4 Int+3 Dex+2}
SInv    .            u - +2 pair of boots
Will    ++...        G - amulet of reflection Stlth
                     y - +6 ring of strength
HPRegen 1.43/turn    k - ring of flight
MPRegen 0.13/turn

%: reflection
@: berserking, short of breath, strong-willed, flying, regenerating, drained,
very quick
A: breathe steam, AC +8, unfitting armour, cold-blooded, steam resistance
a: Breathe Steam, Renounce Religion, Berserk, Trog's Hand


You were on level 12 of the Dungeon.
You worshipped Trog.
Trog was most pleased with you.
You visited 1 branch of the dungeon, and saw 12 of its levels.

You collected 577 gold pieces.
You spent 281 gold pieces at shops.

Inventory:

Hand Weapons
 a - a +1 battleaxe of freezing (weapon)
 b - a -1 demon whip of venom
 w - a +4 battleaxe
Missiles
 c - 103 stones
 e - 10 poisoned darts (quivered)
 B - 2 curare-tipped darts
 C - 2 throwing nets
Armour
 i - the +4 pair of gloves "Utweorao" (worn) {Str+4 Int+3 Dex+2}
   (You found it on level 6 of the Dungeon)

   Str:       It affects your strength (+4).
   Int:       It affects your intelligence (+3).
   Dex:       It affects your dexterity (+2).
 o - a +0 cloak (worn)
 u - a +2 pair of boots (worn)
Jewellery
 k - a ring of flight (right hand)
 y - a +6 ring of strength (left hand)
 z - a ring of resist corrosion
 F - a ring of protection from cold
 G - an amulet of reflection (around neck)
Wands
 h - a wand of flame (22)
 n - a wand of light (3)
 r - a wand of digging (3)
 E - a wand of iceblast (5)
Scrolls
 g - 5 scrolls of teleportation
 p - a scroll of enchant weapon
 D - 3 scrolls of immolation
 H - a scroll of fog
 I - a scroll of blinking
 K - a scroll of enchant armour
Potions
 d - 7 potions of attraction
 f - 4 potions of invisibility
 j - a potion of resistance
 l - 2 potions of ambrosia
 m - a potion of heal wounds
 q - a potion of lignification
 s - 2 potions of might
 t - 3 potions of curing
 v - a potion of mutation
 x - a potion of cancellation
 A - 6 potions of enlightenment
 J - a potion of brilliance {unknown}


   Skills:
 + Level 7.5 Fighting
 * Level 16.9 Axes
 - Level 6.0 Dodging
 - Level 6.0 Evocations


You had 11 spell levels left.
You didn't know any spells.
Your spell library was empty.

Dungeon Overview and Level Annotations

Branches:
Dungeon (12/15)            Temple (0/1) D:7            Lair (0/5) D:8
    Orc: D:9-12

Altars:
Cheibriados
Elyvilon
Fedhas
Kikubaaqudgha
Uskayaw
Wu Jian
Yredelemnul
The Shining One

Shops:
D:11 *

Annotations:
D:8 exclusion: 2 oklob saplings


Innate Abilities, Weirdness & Mutations

You can breathe blasts of scalding, opaque steam.
Your pale cyan-grey scales are hard. (AC +8)
You cannot fit into any form of body armour.
You are cold-blooded and may be slowed by cold attacks.
You are immune to the effects of steam.


Message History

The hell knight shouts!
You hear a bark!
The hell knight calls down the wrath of its god upon you.
The bolt of fire hits you!
The hell knight moves out of view.
The hell knight shouts!
The hell knight hits you with a +0 broad axe!
The hell knight hits you with a +0 broad axe!
The hell knight hits you with a +2 great sword of draining!
You feel drained.
The hell knight hits you from afar with a +5 halberd!
You see here a hell hound corpse.
Your -1 demon whip of venom stops dripping with poison.
Your +1 battleaxe of freezing glows with a cold blue light!
a - a +1 battleaxe of freezing (weapon)
Unknown command.
Your skin crawls.
You feel strong-willed. The hell knight closely misses you.
The hell knight mumbles some strange prayers to its god.
The hell knight seems to speed up.
The hell knight hits you but does no damage.
You feel drained.
The hell knight hits you from afar with a +5 halberd!!
* * * LOW HITPOINT WARNING * * *
Unknown command.
A red film seems to cover your vision as you go berserk!
You feel yourself moving faster!
You feel mighty!
The hell knight hits you with a +0 broad axe!!
* * * LOW HITPOINT WARNING * * *
The hell knight prays to its god.
The hell knight seems to speed up.
The hell knight invokes the aid of its god against you.
The bolt of fire hits the hell knight.
The hell knight completely resists.
The bolt of fire hits you!
* * * LOW HITPOINT WARNING * * *
You slash the hell knight! You freeze the hell knight.
The hell knight is lightly wounded.
You slash the hell knight! You freeze the hell knight.
The hell knight closely misses you.
The hell knight hits you with a +0 broad axe!!
You die...

#.....<.....#......##.
#.#########.#..#......
#.#. #.#..#...... #.#p
#†≈§........ #.#.
#.≈.#####... #.#. #.≈.#
##... #.#. #.≈.####....
#.#p#####.#.≈.........
#.#†p@ppp.#.#...##....
#.###≈≈≈###.#...##....
#..§........#....##...
#.#############......#..
#.......................
###.#########........##.
#######..... ......
...####


You could see 4 hell knights and a necromancer.

Vanquished Creatures
  Erica (D:10)
  A boulder beetle (D:11)
  2 two-headed ogres (D:12)
  Nergalle (D:11)
  2 hell knights (D:12)
  A deep elf pyromancer (D:12)
  A cyclops (D:11)
  A gargoyle (D:10)
  Psyche (D:10)
  A rime drake (D:8)
  A troll (shapeshifter) (D:12)
  2 polar bears (D:8)
  A hornet (D:8)
  A shadow (D:10)
  4 wraiths
  2 wyverns
  A vampire (D:9)
  9 yaks
  2 steam dragons
  6 vampire mosquitoes
  An acid dragon (D:10)
  6 hell hounds (D:12)
  3 water moccasins
  3 black bears
  8 ice beasts
  An orc warrior (D:7)
  A sky beast (D:7)
  2 wolves (D:8)
  4 centaurs
  2 kobold brigands
  3 bullfrogs
  A scorpion (D:5)
  A gnoll sergeant (D:7)
  8 wights
  3 killer bees (D:11)
  8 howler monkeys
  5 jellies
  5 orc priests
  6 hounds
  Crazy Yiuf (D:3)
  A gnoll bouda (D:8)
  2 sleepcaps
  3 iguanas
  6 orc wizards (D:9)
  17 gnolls
  14 adders
  2 shadow imps (D:8)
  2 white imps
  3 ufetubi
  3 worms
  A dart slug (D:4)
  19 orcs
  4 endoplasms
  7 hobgoblins
  7 jackals
  2 quokkas
  9 ball pythons
  6 bats
  3 frilled lizards
  10 goblins
  10 kobolds
  2 rats (D:3)
246 creatures vanquished.

Vanquished Creatures (collateral kills)
  Amaemon (D:11)
  An orange demon (D:11)
2 creatures vanquished.

Grand Total: 248 creatures vanquished

Notes
Turn   | Place    | Note
-------+----------+-------------------------------------------
     0 | D:1      | jejorda2 the Draconian Berserker began the quest for the
                  | Orb.
     0 | D:1      | Reached XP level 1. HP: 19/19 MP: 1/1
   575 | D:1      | Reached XP level 2. HP: 26/26 MP: 2/2
   997 | D:2      | Identified the +6 spear of Seckac {holy, Int+2}
  1260 | D:2      | Reached XP level 3. HP: 33/33 MP: 3/3
  1278 | D:2      | Reached skill level 4 in Axes
  1416 | D:2      | Reached XP level 4. HP: 40/40 MP: 4/4
  2135 | D:3      | Found a runed translucent door.
  2136 | D:3      | Noticed Crazy Yiuf
  2144 | D:3      | Killed Crazy Yiuf
  2243 | D:4      | Reached skill level 5 in Axes
  2243 | D:4      | Reached XP level 5. HP: 39/47 MP: 5/5
  2481 | D:4      | Reached skill level 5 in Fighting
  2484 | D:4      | Reached XP level 6. HP: 53/56 MP: 6/6
  2488 | D:4      | Reached ** piety under Trog
  2745 | D:4      | Found an ornate altar of the Wu Jian Council.
  3056 | D:5      | Entered Level 5 of the Dungeon
  3123 | D:5      | Reached skill level 6 in Axes
  3279 | D:5      | Your scales start taking on a pale cyan-grey colour.
  3279 | D:5      | Reached XP level 7. HP: 62/62 MP: 7/7
  3279 | D:5      | Gained mutation: You are immune to the effects of steam.
                  | [Pale Draconian growth]
  3401 | D:5      | Reached skill level 7 in Axes
  4277 | D:6      | Identified the +4 pair of gloves "Utweorao" {Str+4 Int+3
                  | Dex+2}
  4323 | D:6      | Found a hide-covered altar of Uskayaw.
  4389 | D:6      | Reached skill level 8 in Axes
  4610 | D:6      | Reached XP level 8. HP: 60/70 MP: 8/8
  4710 | D:6      | Found an ancient bone altar of Kikubaaqudgha.
  5286 | D:7      | Reached skill level 9 in Axes
  5451 | D:7      | Found a glowing golden altar of the Shining One.
  5463 | D:7      | Reached skill level 5 in Dodging
  5552 | D:7      | Reached skill level 10 in Axes
  5603 | D:7      | Reached XP level 9. HP: 75/75 MP: 9/9
  5900 | D:7      | Reached *** piety under Trog
  6381 | D:7      | Found a staircase to the Ecumenical Temple.
  6745 | D:8      | Reached skill level 11 in Axes
  6766 | D:8      | Noticed a polar bear
  6772 | D:8      | Noticed a polar bear
  6775 | D:8      | Killed a polar bear
  6781 | D:8      | Killed a polar bear
  6782 | D:8      | Reached skill level 12 in Axes
  6851 | D:8      | Noticed a rime drake
  6857 | D:8      | Killed a rime drake
  6858 | D:8      | Reached XP level 10. HP: 63/83 MP: 10/10
  6951 | D:8      | Found a staircase to the Lair.
  6968 | D:8      | Reached skill level 13 in Axes
  7674 | D:8      | Found a basalt altar of Yredelemnul.
  8105 | D:9      | Found a blossoming altar of Fedhas.
  8167 | D:9      | Reached **** piety under Trog
  8289 | D:9      | Reached skill level 1 in Evocations
  8737 | D:10     | Entered Level 10 of the Dungeon
  8759 | D:10     | Reached skill level 14 in Axes
  8785 | D:10     | Noticed Erica
  8787 | D:10     | Noticed a gargoyle
  8790 | D:10     | Killed a gargoyle
  8796 | D:10     | Killed Erica
  8975 | D:10     | Found a white marble altar of Elyvilon.
  9139 | D:10     | Reached XP level 11. HP: 59/89 MP: 11/11
  9332 | D:10     | Noticed Psyche
  9337 | D:10     | Killed Psyche
  9370 | D:10     | Found a snail-covered altar of Cheibriados.
  9691 | D:11     | Reached skill level 15 in Axes
  9706 | D:11     | Reached skill level 5 in Evocations
  9768 | D:11     | Noticed a boulder beetle
  9778 | D:11     | Killed a boulder beetle
  9951 | D:11     | Noticed Nergalle
  9963 | D:11     | Killed Nergalle
 10087 | D:11     | Found Hoonkeaf's Island Escapes.
 10126 | D:11     | Noticed Amaemon
 10128 | D:11     | Bought a wand of digging (3) for 176 gold pieces
 10128 | D:11     | Bought a scroll of blinking for 105 gold pieces
 10409 | D:11     | Killed Amaemon
 10412 | D:11     | Reached skill level 16 in Axes
 10469 | D:12     | Noticed a deep elf pyromancer
 10483 | D:12     | Noticed a two-headed ogre
 10487 | D:12     | Killed a deep elf pyromancer
 10494 | D:12     | Killed a two-headed ogre
 10689 | D:12     | Noticed a two-headed ogre
 10695 | D:12     | Killed a two-headed ogre
 10941 | D:12     | Noticed a hell knight
 10957 | D:12     | Killed a hell knight
 11010 | D:12     | Noticed a hell knight
 11015 | D:12     | Noticed a hell knight
 11016 | D:12     | Reached XP level 12. HP: 100/100 MP: 12/12
 11098 | D:12     | HP: 6/142 [hell knight/bolt of fire (11)]
 11099 | D:12     | Mangled by a hell knight

Illustrated notes

Levels and vault maps discovered:
D:1:      dpeg_arrival_rooms_a, layout_loops_ring
D:2:      layout_loops_ring, minmay_heptomino_d4
D:3:      layout_basic, uniq_crazy_yiuf_cottage
D:4:      layout_loops_ring, nzn_wu_jian_contemplation
D:5:      layout_basic, ebering_dispersal_statue_hall, nicolae_zen_rock_garden
D:6:      dreamdust_elfheim, layout_loops_corners, mainiacjoe_overflow_brackets,
          old_standard_altar, grunt_ministairs_15
D:7:      layout_layer_cave, lemuel_doored_altar, temple_hall,
          mrwooster_statue_mirror
D:8:      layout_gridville, mainiacjoe_overflow_catwalk,
          hellmonk_lair_entry_icy, grunt_ministairs_13, introduction_to_nature_2
D:9:      layout_long_grid, fedhas_altar_2
D:10:     layout_roguey, slow_altar_2, elyvilon_altar_1, uniq_psyche, uniq_erica
D:11:     layout_roguey, serial_corexii_hall, corexii_hall_statues_i,
          corexii_hall_statues_i, nicolae_island_escapes, uniq_nergalle,
          uniq_amaemon
D:12:     layout_cave_pools, erik_orc_1, minmay_rotating_lava

Skill      XL: |  1  2  3  4  5  6  7  8  9 10 11 |
---------------+----------------------------------+-----
Axes           | 4 5 6 8 10 12 14 16 | 16.9
Fighting       | 4 5 6 7 |  7.5
Dodging        | 3 5 6 |  6.0
Evocations     | 4 6 |  6.0

Action                     |  1- 3 |  4- 6 |  7- 9 | 10-12 || total
---------------------------+-------+-------+-------+-------++-------
  Melee: Hand axe          |    53 |       |       |       ||    53
         Tailslap          |     7 |     9 |    29 |    36 ||    81
         Spear             |    23 |   106 |   131 |       ||   260
         Punch             |       |     2 |     2 |       ||     4
         Battleaxe         |       |       |   101 |   215 ||   316
         Demon whip        |       |       |       |    60 ||    60
  Throw: Stone             |       |       |     4 |       ||     4
         Dart              |       |       |       |     8 ||     8
 Invoke: Berserk           |     2 |     5 |     6 |     9 ||    22
         Trog's Hand       |       |       |       |     5 ||     5
         Brothers in Arms  |       |       |       |     1 ||     1
Ability: Breathe Steam     |       |       |     4 |    11 ||    15
    Use: Scroll            |       |       |    19 |     5 ||    24
         Potion            |       |       |       |     1 ||     1
   Stab: Sleeping          |     2 |     3 |     4 |       ||     9
         Distracted        |       |       |     1 |       ||     1
 Armour: Skin              |    14 |    21 |    73 |   102 ||   210
  Dodge: Dodged            |    41 |    40 |   121 |   149 ||   351
  Block: Other             |       |       |       |    26 ||    26
         Reflection        |       |       |       |     1 ||     1

Table legend: (Time is in decaauts)
 A = Elapsed time spent in this place.
 B = Non-inter-level travel time spent in this place.
 C = Inter-level travel time spent in this place.
 D = Time resting spent in this place.
 E = Time spent auto-exploring this place.
 F = Levels seen in this place.
 G = Mean time per level.
                   A        B        C        D        E       F      G
               +--------+--------+--------+--------+--------+-----+--------+
         Total |  11279 |  10890 |    389 |    951 |   8279 |  12 |  939.9 |
       Dungeon |  11279 |  10890 |    389 |    951 |   8279 |  12 |  939.9 |
               +--------+--------+--------+--------+--------+-----+--------+

Top non-repeatable levels by time:
     D:7: 1608 daAuts
     D:8: 1234 daAuts
     D:6: 1037 daAuts
     D:5: 972 daAuts
     D:4: 913 daAuts
    D:10: 911 daAuts
     D:9: 859 daAuts
    D:11: 835 daAuts
     D:1: 833 daAuts
     D:3: 756 daAuts
     D:2: 660 daAuts
    D:12: 657 daAuts
